 Dungeon Sprint DCSS version 0.24-a0-179-g7a2c91a (webtiles) character file.

Game seed: 5775764225500647509

13176 Lanoc the Impaler (level 11, -15/99 HPs)
             Began as a Minotaur Monk on Mar 13, 2019.
             Was an Elder of Hepliaklqana.
             Demolished by a stone giant (22 damage)
             ... in the Dungeon (Sprint IX: "|||||||||||||||||||||||||||||") on Mar 14, 2019.
             The game lasted 00:19:37 (4036 turns).

Lanoc the Impaler (Minotaur Monk)                   Turns: 4036, Time: 00:19:38

Health: -15/99     AC: 21    Str: 17 (18) XL:     11   Next: 72%
Magic:  17/17      EV: 17    Int: 12 (13) God:    Hepliaklqana [****..]
Gold:   1250       SH: 11    Dex: 16 (19) Spells: 10/10 levels left

rFire    . . .     SeeInvis .   a - +0 spear
rCold    + . .     Gourm    .   e - +0 shield
rNeg     . . .     Faith    .   q - +2 ring mail
rPois    +         Spirit   .   w - +1 hat {Int+3}
rElec    .         Reflect  .   v - +2 cloak {rPois}
rCorr    .         Harm     .   o - +1 pair of gloves
MR       .....     NoTele   +   u - +0 pair of boots
Stlth    +.........             (no amulet)
HPRegen  0.26/turn              r - +3 ring of dexterity
MPRegen  0.15/turn              s - +3 ring of intelligence

@: no status effects
A: retaliatory headbutt, reduced essence, horns 2, large bone plates 1, thin
metallic scales 1, cold resistance 1, strong 1
a: Recall Ancestor, Ancestor Identity, Transference, Idealise, Renounce Religion


You were in the Dungeon.
You worshipped Hepliaklqana.
Hepliaklqana was greatly pleased with you.
You were hungry.

You visited 1 branch You collected 1250 gold pieces.

Inventory:

Hand Weapons
 a - a +0 spear (weapon)
 m - a +2 vampiric halberd
 n - a +2 scimitar of flaming
Armour
 e - a +0 shield (worn)
 o - a +1 pair of gloves (worn)
 q - a +2 ring mail (worn)
 u - a +0 pair of boots (worn)
 v - a +2 cloak of poison resistance (worn)
 w - a +1 hat of intelligence (worn)
Jewellery
 r - a +3 ring of dexterity (left hand)
 s - a +3 ring of intelligence (right hand)
Wands
 d - a wand of flame (11)
 l - a wand of iceblast (10)
Scrolls
 b - 2 scrolls of enchant armour
 i - 2 scrolls of blinking
 j - 3 scrolls of remove curse
 k - 2 scrolls of amnesia
 p - a scroll of fog
Potions
 g - 4 potions of magic
 t - a potion of lignification
Comestibles
 f - 11 rations
 x - 7 chunks of flesh


   Skills:
 + Level 14.9 Fighting
 * Level 19.8 Polearms
 + Level 14.5 Armour
 + Level 13.8 Dodging
 - Level 1.5 Stealth
 + Level 10.1 Invocations


You had 10 spell levels left.
You didn't know any spells.
Your spell library was empty.

Dungeon Overview and Level Annotations

Branches:
Dungeon (1/1)

Altars:
Cheibriados
Dithmenos
Elyvilon
Fedhas
Gozag
Hepliaklqana
Kikubaaqudgha
Makhleb
Nemelex Xobeh
Okawaru
Qazlal
Ru
Sif Muna
Trog
Uskayaw
Vehumet
Wu Jian
Xom
Yredelemnul
Zin
The Shining One
Beogh
Jiyva
Lugonu

Shops:
D (


Innate Abilities, Weirdness & Mutations

You reflexively headbutt those who attack you in melee.
You have a pair of horns on your head.
Your life essence is reduced to manifest your ancestor. (-10% HP)
You are partially covered in large bone plates. (SH +4)
You are partially covered in thin metallic scales. (AC +2)
Your flesh is cold resistant. (rC+)
Your muscles are strong. (Str +2)


Message History

The stone giant hits you!!
* * * LOW HITPOINT WARNING * * *
Really quaff the potion of lignification? [Y]es or [N]o only, please.
Really quaff the potion of lignification?
Okay, then.
You hit the stone giant. You headbutt the stone giant.
The stone giant is almost dead.
You block the stone giant's attack.
You hit the stone giant. You headbutt the stone giant.
The stone giant is almost dead.
You are feeling hungry.
You hit the stone giant but do no damage.
The stone giant is almost dead.
The stone giant hits you.
* * * LOW HITPOINT WARNING * * *
You completely miss the stone giant.
The stone giant is almost dead.
The stone giant hits you!!
You die...

▓.▓.▓.▓.▓_▓
▓.▓.▓.▓.▓_▓
▓.▓.▓.▓.▓_▓
▓.▓.▓.▓.▓'▓
▓)▓.▓.▓.▓.▓
▓)▓.▓[▓.▓.▓
▓(▓.▓.▓.▓.▓
▓)▓.▓.▓.▓.▓
▓.▓@▓.▓.▓.▓
▓.▓C▓.▓.▓'▓
▓.▓T▓.▓.▓)▓
▓(▓T▓.▓.▓.▓
▓O▓O▓'▓.▓.▓
▓.▓)▓.▓.▓.▓
▓T▓.▓.▓.▓)▓
▓T▓.▓.▓.▓)▓
▓.▓)▓.▓.▓.▓


You could see a stone giant, an ogre mage and 2 trolls.

Vanquished Creatures
  Gastronok (D)
  A hydra (D)
  A catoblepas (D)
  6 death yaks (D)
  2 orc knights (D)
  An elephant (D)
  A black mamba (D)
  2 spiny frogs (D)
  A komodo dragon (D)
  3 trolls (D)
  A hippogriff (D)
  A yak (D)
  2 wyverns (D)
  4 water moccasins (D)
  13 orc warriors (D)
  3 porcupines (D)
  An ogre (D)
  A crocodile (D)
  2 wolves (D)
  A centaur (D)
  A howler monkey (D)
  3 orc priests (D)
  2 orc wizards (D)
  3 worker ants (D)
  A shadow imp (D)
  An adder skeleton (D)
  A leopard gecko (D)
  6 orcs (D)
  A bat skeleton (D)
  2 giant cockroaches (D)
  2 goblins (D)
  A bat (D)
  A giant cockroach zombie (D)
  A rat (D)
74 creatures vanquished.

Vanquished Creatures (collateral kills)
  An orc knight (D)
  A crocodile (D)
2 creatures vanquished.

Vanquished Creatures (others)
  19 knights (D)
19 creatures vanquished.

Grand Total: 95 creatures vanquished

Notes
Turn   | Place    | Note
-------+----------+-------------------------------------------
     0 | D        | Lanoc the Minotaur Monk began the quest for the Orb.
     0 | D        | Reached XP level 1. HP: 19/19 MP: 0/0
     5 | D        | Reached skill level 4 in Polearms
     6 | D        | Reached skill level 1 in Armour
    23 | D        | Noticed a worker ant
    23 | D        | Noticed an ogre
    27 | D        | Reached XP level 2. HP: 27/27 MP: 1/1
    38 | D        | Killed an ogre
    38 | D        | Reached skill level 5 in Fighting
    38 | D        | Reached skill level 7 in Polearms
    38 | D        | Reached skill level 5 in Dodging
    38 | D        | Reached XP level 3. HP: 28/37 MP: 2/2
    38 | D        | Reached XP level 4. HP: 34/44 MP: 3/3
    58 | D        | Found a roughly hewn altar of Beogh.
    58 | D        | Found a snail-covered altar of Cheibriados.
    58 | D        | Found a shadowy altar of Dithmenos.
    58 | D        | Found a white marble altar of Elyvilon.
    58 | D        | Found a blossoming altar of Fedhas.
    58 | D        | Found an opulent altar of Gozag.
    59 | D        | Found a hazy altar of Hepliaklqana.
    60 | D        | Found a viscous altar of Jiyva.
    61 | D        | Found an ancient bone altar of Kikubaaqudgha.
    64 | D        | Found a corrupted altar of Lugonu.
    65 | D        | Found a burning altar of Makhleb.
    66 | D        | Found a sparkling altar of Nemelex Xobeh.
    72 | D        | Found an iron altar of Okawaru.
    73 | D        | Found a stormy altar of Qazlal.
   321 | D        | Found a sacrificial altar of Ru.
   322 | D        | Found a deep blue altar of Sif Muna.
   323 | D        | Found a bloodstained altar of Trog.
   324 | D        | Found a hide-covered altar of Uskayaw.
   325 | D        | Found a radiant altar of Vehumet.
   326 | D        | Found an ornate altar of the Wu Jian Council.
   327 | D        | Found a shimmering altar of Xom.
   328 | D        | Found a basalt altar of Yredelemnul.
   329 | D        | Found a glowing silver altar of Zin.
   330 | D        | Found a glowing golden altar of the Shining One.
   351 | D        | Became a worshipper of Hepliaklqana the Forgotten
   351 | D        | Reached * piety under Hepliaklqana
   351 | D        | Reached ** piety under Hepliaklqana
   352 | D        | Remembered your ancestor Mirna as a knight
   412 | D        | Noticed a troll
   412 | D        | Noticed an orc warrior
   433 | D        | Reached skill level 8 in Polearms
   433 | D        | Reached skill level 5 in Armour
   433 | D        | Reached XP level 5. HP: 26/45 MP: 4/4
   470 | D        | Killed an orc warrior
   470 | D        | Reached skill level 9 in Polearms
   483 | D        | Reached skill level 10 in Polearms
   483 | D        | Reached XP level 6. HP: 32/54 MP: 5/5
   496 | D        | Killed a troll
   496 | D        | Reached skill level 11 in Polearms
   672 | D        | Noticed a wyvern
   672 | D        | Noticed a wyvern
   679 | D        | Reached XP level 7. HP: 62/62 MP: 6/6
   695 | D        | Killed a wyvern
   695 | D        | Reached skill level 12 in Polearms
   713 | D        | HP: 1/63 [wyvern (14)]
  1060 | D        | Killed a wyvern
  1072 | D        | Reached skill level 13 in Polearms
  1114 | D        | Reached *** piety under Hepliaklqana
  1208 | D        | Reached **** piety under Hepliaklqana
  1208 | D        | Noticed a spiny frog
  1208 | D        | Noticed a spiny frog
  1208 | D        | Noticed a komodo dragon
  1208 | D        | Noticed a hippogriff
  1226 | D        | Killed a hippogriff
  1226 | D        | Reached skill level 10 in Fighting
  1226 | D        | Reached XP level 8. HP: 71/71 MP: 7/7
  1233 | D        | Reached skill level 1 in Invocations
  1238 | D        | Noticed a four-headed hydra
  1329 | D        | Killed a komodo dragon
  1329 | D        | Reached skill level 14 in Polearms
  1333 | D        | Killed a four-headed hydra
  1333 | D        | Reached skill level 10 in Armour
  1333 | D        | Reached skill level 10 in Dodging
  1333 | D        | Reached XP level 9. HP: 80/80 MP: 7/11
  1341 | D        | Killed a spiny frog
  1341 | D        | Reached skill level 15 in Polearms
  1344 | D        | Reached skill level 5 in Invocations
  1419 | D        | Killed a spiny frog
  1451 | D        | Gained mutation: You are partially covered in thin metallic
                  | scales. (AC +2) [potion of mutation]
  1451 | D        | Gained mutation: Your muscles are strong. (Str +2) [potion
                  | of mutation]
  1451 | D        | Gained mutation: You are partially covered in large bone
                  | plates. (SH +4) [potion of mutation]
  1451 | D        | Gained mutation: Your flesh is cold resistant. (rC+)
                  | [potion of mutation]
  1459 | D        | Noticed an elephant
  1494 | D        | Noticed a black mamba
  1522 | D        | Killed an elephant
  1522 | D        | Reached skill level 16 in Polearms
  1544 | D        | Reached XP level 10. HP: 76/89 MP: 13/13
  1555 | D        | Killed a black mamba
  1660 | D        | Noticed a death yak
  1660 | D        | Noticed a death yak
  1660 | D        | Noticed a catoblepas
  1660 | D        | Noticed a death yak
  1660 | D        | Noticed a death yak
  1803 | D        | Noticed a death yak
  1806 | D        | Noticed a death yak
  1827 | D        | Killed a death yak
  1827 | D        | Reached skill level 17 in Polearms
  1996 | D        | Killed a death yak
  2134 | D        | Killed a catoblepas
  2165 | D        | Killed a death yak
  2385 | D        | Killed a death yak
  2385 | D        | Reached skill level 18 in Polearms
  2409 | D        | Killed a death yak
  2409 | D        | Reached XP level 11. HP: 41/97 MP: 16/16
  2660 | D        | Killed a death yak
  2936 | D        | Noticed Gastronok
  2989 | D        | Killed Gastronok
  2989 | D        | Reached skill level 19 in Polearms
  3062 | D        | Noticed an orc knight
  3146 | D        | Killed an orc knight
  3316 | D        | Noticed an orc knight
  3316 | D        | Noticed an orc knight
  3346 | D        | Killed an orc knight
  3452 | D        | Killed an orc knight
  3781 | D        | Reached skill level 10 in Invocations
  3878 | D        | Found Zuloerho's Antique Weapon Boutique.
  3878 | D        | Noticed an ogre mage
  3878 | D        | Noticed a stone giant
  3884 | D        | Noticed a deep troll
  4036 | D        | Demolished by a stone giant

Levels and vault maps discovered:
D:        linesprint [early_d, line_temple, items_1, d_10, items_2, lair_1,
          lair_end, items_3, orc_1, orc_end, items_4, d_15, swamp_1, shoals_1,
          snake_1, spider_1, d_20, vaults_1, items_5, swamp_end, shoals_end,
          snake_end, spider_end, vaults_end, d_27, items_6, zot_1, zot_end,
          crypt_end, forest_end, elf_end, slime_end, tomb_end, abyss_end,
          pan_hell_end]

Skill      XL: |  1  2  3  4  5  6  7  8  9 10 11 |
---------------+----------------------------------+-----
Polearms       | 4 7 8 10 11 13 14 16 18 19 | 19.8
Armour         | 1 4 5 6 7 9 10 11 13 14 | 14.5
Fighting       | 4 5 6 7 8 10 11 12 13 14 | 14.9
Dodging        | 5 6 8 9 10 11 12 13 | 13.8
Invocations    | 4 6 8 10 | 10.1
Stealth        | |  1.5

Action                   |  1- 3 |  4- 6 |  7- 9 | 10-12 || total
-------------------------+-------+-------+-------+-------++-------
Melee: Spear             |    20 |    88 |   166 |   540 ||   814
       Headbutt          |     2 |    12 |    28 |   110 ||   152
Invok: Ancestor Life: Kn |       |     1 |       |       ||     1
       Idealise          |       |       |       |     2 ||     2
  Use: Potion            |     2 |     8 |     3 |     7 ||    20
       Scroll            |       |       |     1 |     3 ||     4
 Stab: Sleeping          |     1 |       |       |       ||     1
       Invisible         |       |     7 |       |       ||     7
       Petrified         |       |       |       |    12 ||    12
       Distracted        |       |       |       |     5 ||     5
  Eat: Chunk             |       |       |     2 |     5 ||     7
       Ration            |       |       |       |     1 ||     1
Armor: Robe              |     2 |       |       |       ||     2
       Ring mail         |       |     6 |     7 |    34 ||    47
Dodge: Dodged            |     5 |    26 |    42 |    77 ||   150
Block: Other             |       |       |     2 |     3 ||     5
       Shield            |       |       |       |    68 ||    68

Table legend:
 A = Non-vault XP
 B = Vault XP
 C = Vault XP percentage of total XP
 D = Non-vault monster count
 E = Vault monster count
 F = Vault count percentage of total count
                 A         B        C        D         E       F
            +---------+---------+-------+---------+---------+-------
      Total |       0 |   18823 | 100.0 |       0 |      76 | 100.0
            +---------+---------+-------+---------+---------+-------
          D |       0 |   18823 | 100.0 |       0 |      76 | 100.0
            +---------+---------+-------+---------+---------+-------
